 Dungeon Crawl Stone Soup version 0.31-a0-788-ga445dbd2db (webtiles) character file.

Game seed: 5199340864895405216

7522 Essalna the Destroyer (level 10, 0/77 HPs)
             Began as a Demonspawn Conjurer on Sept 18, 2023.
             Was a Priest of Vehumet.
             Slain by Snorg (2 damage)
             ... on level 12 of the Dungeon.
             The game lasted 00:24:54 (10546 turns).

Essalna the Destroyer (Demonspawn Conjurer)        Turns: 10546, Time: 00:24:55

Health: 0/77       AC: 11    Str:  7    XL:     10   Next: 95%
Magic:  0/20       EV: 14    Int: 28    God:    Vehumet [***...]
Gold:   449        SH:  0    Dex: 11    Spells: 20/23 levels left

rFire   + . .        t - +3 dagger "Zeweh" {protect, +Blink Int+3}
rCold   + + .        (no shield)
rNeg    . . .        H - +0 robe {rC+ rF+}
rPois   .            (no helmet)
rElec   .            f - +0 cloak
rCorr   .            J - +2 pair of gloves {hurl}
SInv    .            (no boots)
Will    .....        (no amulet)
Stlth   ++           p - +4 ring of protection
HPRegen 0.32/turn    F - ring of protection from cold
MPRegen 0.34/turn

%: guardian spirit
@: no status effects
A: magic shield, magic regeneration, magic link, demonic magic 1
a: Renounce Religion, Evoke Blink


You were on level 12 of the Dungeon.
You worshipped Vehumet.
Vehumet was most pleased with you.
You visited 2 branches of the dungeon, and saw 13 of its levels.
You also visited: Ossuary.

You collected 449 gold pieces.

Inventory:

Hand Weapons
 c - a +0 dagger of venom
 t - the +3 dagger "Zeweh" (weapon) {protect, +Blink Int+3}
   (You found it on level 4 of the Dungeon)

   Int+3:     It affects your intelligence (+3).
   +Blink:    It lets you blink.
Armour
 a - a +0 robe
 f - a +0 cloak (worn)
 s - a +1 pair of gloves
 A - a +3 leather armour
 D - a +1 robe of willpower
 G - a +1 leather armour of fire resistance
 H - a +0 robe of resistance (worn)
 J - a +2 pair of gloves of hurling (worn)
Magical Staves
 h - a staff of cold
 m - a staff of earth
Jewellery
 p - a +4 ring of protection (left hand)
 F - a ring of protection from cold (right hand)
Wands
 u - a wand of flame (26)
 v - a wand of paralysis (13)
 x - a wand of iceblast (1)
 y - a wand of polymorph (13)
 B - a wand of mindburst (2)
Scrolls
 e - 6 scrolls of teleportation
 i - 3 scrolls of blinking
 j - a scroll of fog
 l - a scroll of vulnerability
 o - a scroll of noise
 r - 3 scrolls of identify
 I - a scroll of amnesia {unknown}
Potions
 b - a potion of magic
 d - a potion of lignification
 g - 5 potions of curing
 k - 6 potions of degeneration
 n - 3 potions of enlightenment
 q - 2 potions of haste
 w - 2 potions of heal wounds
 z - 3 potions of mutation {unknown}
 C - 2 potions of attraction {unknown}
 E - 2 potions of brilliance {unknown}


   Skills:
 + Level 6.6 Fighting
 - Level 6.0 Armour
 + Level 6.4 Dodging
 - Level 1.7 Stealth
 - Level 7.0 Spellcasting
 + Level 10.7 Conjurations


You had 20 spell levels left.
You knew the following spells:

 Your Spells              Type           Power      Damage    Failure   Level
a - Magic Dart            Conj           100%       1d8       1%          1
b - Searing Ray           Conj           100%       2d8       1%          2

Your spell library contained the following spells:

 Spells                   Type           Power      Damage    Failure   Level
 Volatile Blastmotes      Fire/Tloc      18%        2d11      4%          3
 Momentum Strike          Conj/Tloc      78%        3d10      1%          2
 Static Discharge         Conj/Air       78%        2-6/arc   1%          2
 Dazzling Flash           Conj/Hex       78%        N/A       1%          3
 Hailstorm                Conj/Ice       39%        3d9       1%          3
 Mephitic Cloud           Conj/Pois/Air  29%        N/A       1%          3
 Fulminant Prism          Conj/Hex       19%        3d10      1%          4
 Iskenderun's Mystic Bla  Conj/Tloc      39%        2d9       1%          4
 Poisonous Vapours        Pois/Air       18%        N/A       2%          2
 Frozen Ramparts          Ice            18%        1d3       4%          3
 Irradiate                Conj/Tmut      19%        3d18      4%          5
 Blink                    Tloc           18%        N/A       9%          2
 Lesser Beckoning         Tloc           18%        N/A       9%          2
 Sublimation of Blood     Necr           9%         N/A       9%          2
 Wereblood                Tmut           9%         N/A       9%          2
 Freezing Cloud           Conj/Ice/Air   14%        6-21      10%         5
 Airstrike                Air            4%         2d(1-17)  14%         4
 Call Canine Familiar     Summ           9%         N/A       16%         3
 Sigil of Binding         Hex            9%         N/A       16%         3
 Lee's Rapid Deconstruct  Erth           4%         3d5*      36%         5
 Animate Armour           Summ/Erth      18%        N/A       47%         4
 Dimensional Bullseye     Hex/Tloc       4%         N/A       47%         4
 Leda's Liquefaction      Hex/Erth       4%         N/A       47%         4
 Petrify                  Tmut/Erth      9%         N/A       47%         4
 Summon Ice Beast         Ice/Summ       9%         N/A       47%         4
 Summon Lightning Spire   Summ/Air       9%         N/A       47%         4
 Metabolic Englaciation   Hex/Ice        4%         N/A       83%         5
 Simulacrum               Ice/Necr       4%         N/A       100%        6
 Summon Hydra             Summ           4%         N/A       100%        7


Dungeon Overview and Level Annotations

Branches:
Dungeon (12/15)            Temple (1/1) D:4         Ossuary (visited)
   Lair: D:8-11         Orc: D:9-12

Altars:
Cheibriados
Dithmenos
Fedhas
Gozag
Hepliaklqana
Kikubaaqudgha
Makhleb
Nemelex Xobeh
Okawaru
Qazlal
Ru
Sif Muna
Trog
Uskayaw
Vehumet
Wu Jian
Xom
Yredelemnul

Shops:
D:4 *   D:6 *

Annotations:
D:5 2 runed translucent doors, PotatoSalad1221's ghost, amateur DrSh
D:12 Fannar; Frances; Snorg


Innate Abilities, Weirdness & Mutations

When hurt, damage is shared between your health and your magic reserves.
You regenerate magic rapidly.
When low on magic, you restore magic in place of health.
Spells you cast may paralyse adjacent enemies.


Message History

Snorg bites you but does no damage. Snorg claws you but does no damage.
Snorg closely misses you.
Casting: Searing Ray (safe; 1% risk of failure)
Confirm with . or Enter, or press ? or * to list all spells.
Aiming: Searing Ray (safe; 1% risk of failure)
Press: ? - help, Shift-Dir - straight line, f/p - Snorg
Aim: Snorg (moderately wounded, 83% to hit)
The searing ray hits Snorg!
Snorg is heavily wounded. (Press . to maintain the ray.) Malevolent energies surge around you.
Snorg goes berserk!
The searing ray hits Snorg.
Snorg is heavily wounded.
Snorg bites you! Snorg claws you. Snorg barely misses you.
Snorg bites you but does no damage. Snorg claws you but does no damage.
Snorg claws you!
The searing ray hits Snorg.
Snorg is heavily wounded.
Snorg barely misses you. Snorg claws you!! Snorg claws you but does no damage.
The searing ray misses Snorg.
You finish channelling your searing ray.
Snorg closely misses you. Snorg claws you.
* * * LOW HITPOINT WARNING * * *
Snorg claws you!
* * * LOW HITPOINT WARNING * * *
Snorg bites you but does no damage. Snorg barely misses you. Snorg claws you.
* * * LOW HITPOINT WARNING * * *
Casting: Searing Ray (safe; 1% risk of failure)
Confirm with . or Enter, or press ? or * to list all spells.
Aiming: Searing Ray (safe; 1% risk of failure)
Press: ? - help, Shift-Dir - straight line, f/p - Snorg
Aim: Snorg (heavily wounded, berserk, 83% to hit)
The searing ray hits Snorg.
Snorg is heavily wounded. (Press . to maintain the ray.) Malevolent energies surge around you.
Snorg bites you but does no damage. Snorg claws you!
* * * LOW HITPOINT WARNING * * *
Snorg claws you.
You die...

.. . . .".##############
.................
.................
####............. ##
########.....)....... ..
.............@T...... ..
...H................. ##
########.............
###########.............
..........)....^........
########.)).............
#..##############
########..##############..
..........................


You could see Snorg (berserk).

Vanquished Creatures
  A two-headed ogre (D:10)
  A cyclops (D:12)
  A manticore (D:12)
  A gargoyle (D:12)
  Jeremiah (D:6)
  A hornet (D:9)
  Grinder (D:3)
  Prince Ribbit (D:7)
  5 yaks (D:10)
  A wyvern (D:8)
  2 shadows
  Eustachio (D:6)
  3 vampire mosquitoes (D:10)
  A steam dragon (D:9)
  2 acid dragons
  Duvessa (D:7)
  2 water moccasins
  4 orc warriors (D:9)
  A sky beast (D:8)
  An ice beast (D:6)
  A black bear (D:11)
  An ogre (D:6)
  A centaur (D:9)
  A kobold brigand (D:9)
  An elf zombie (Ossuary)
  2 phantoms (D:6)
  2 bullfrogs
  5 scorpions
  2 gnoll sergeants
  Dowan (D:7)
  2 hounds (D:7)
  8 orc priests
  A gnoll bouda (D:6)
  A sleepcap (D:6)
  2 iguanas
  Ijyb (D:4)
  Terence (D:2)
  5 orc wizards
  2 mummies (Ossuary)
  Robin (D:2)
  12 gnolls
  7 adders
  A shadow imp (D:7)
  A white imp (D:7)
  An ufetubus (D:5)
  3 adder zombies (Ossuary)
  4 worms
  3 dart slugs
  34 orcs
  9 endoplasms
  3 giant cockroaches
  18 goblins
  10 hobgoblins
  7 jackals
  3 quokkas
  7 ball pythons
  5 bats
  4 frilled lizards
  A goblin zombie (Ossuary)
  7 hobgoblin zombies (Ossuary)
  4 jackal zombies (Ossuary)
  14 kobolds
  10 kobold zombies (Ossuary)
  10 orc zombies (Ossuary)
  5 rats
  A rat zombie (Ossuary)
257 creatures vanquished.

Notes
Turn   | Place    | Note
-------+----------+-------------------------------------------
     0 | D:1      | Essalna the Demonspawn Conjurer began the quest for the
                  | Orb.
     0 | D:1      | Reached XP level 1. HP: 13/13 MP: 3/3
   244 | D:1      | Gained mutation: You regenerate magic rapidly. [demonic
                  | ancestry]
   244 | D:1      | Reached XP level 2. HP: 19/19 MP: 1/5
   678 | D:1      | Reached XP level 3. HP: 24/24 MP: 5/7
  1163 | D:2      | Noticed Robin
  1179 | D:2      | Gained mutation: Spells you cast may paralyse adjacent
                  | enemies. [demonic ancestry]
  1179 | D:2      | Reached XP level 4. HP: 30/30 MP: 1/8
  1225 | D:2      | Noticed Terence
  1236 | D:2      | Killed Terence
  1237 | D:2      | Reached skill level 5 in Conjurations
  1292 | D:2      | Killed Robin
  1467 | D:2      | Learned a level 2 spell: Searing Ray
  1548 | D:2      | Found a faded altar of an unknown god.
  1682 | D:2      | Reached XP level 5. HP: 35/35 MP: 5/10
  1873 | D:3      | Found a sparkling altar of Nemelex Xobeh.
  2289 | D:3      | Noticed Grinder
  2297 | D:3      | Killed Grinder
  2298 | D:3      | Reached skill level 6 in Conjurations
  2298 | D:3      | Gained mutation: When hurt, damage is shared between your
                  | health and your magic reserves. [demonic ancestry]
  2298 | D:3      | Reached XP level 6. HP: 24/41 MP: 2/12
  2706 | D:4      | Found Toaguleb's Elemental Accessories.
  2708 | D:4      | You fall into a shaft and drop 2 floors!
  2709 | D:6      | Noticed an ice beast
  2717 | D:6      | Killed an ice beast
  2750 | D:5      | Entered Level 5 of the Dungeon
  2773 | D:5      | Found a large runed translucent door.
  2925 | D:4      | Reached skill level 5 in Spellcasting
  3114 | D:4      | Reached XP level 7. HP: 41/46 MP: 7/14
  3175 | D:4      | Identified the +3 dagger "Zeweh" {protect, +Blink Int+3}
  3287 | D:4      | Noticed Ijyb
  3288 | D:4      | Paralysed by Ijyb for 5 turns
  3298 | D:4      | Killed Ijyb
  3390 | D:4      | Found a staircase to the Ecumenical Temple.
  3449 | Temple   | Entered the Ecumenical Temple
  3475 | Temple   | Became a worshipper of Vehumet
  4051 | D:5      | Reached skill level 7 in Conjurations
  4134 | D:5      | Found a hide-covered altar of Uskayaw.
  4330 | D:5      | Found a large runed translucent door.
  4331 | D:5      | Noticed PotatoSalad1221's ghost (amateur DrSh)
  4772 | D:6      | Noticed Jeremiah
  4786 | D:6      | Killed Jeremiah
  4787 | D:6      | Gained mutation: When low on magic, you restore magic in
                  | place of health. [demonic ancestry]
  4787 | D:6      | Reached XP level 8. HP: 28/52 MP: 7/17
  4915 | D:6      | Noticed Eustachio
  4926 | D:6      | Killed Eustachio
  4927 | D:6      | Reached skill level 8 in Conjurations
  5249 | D:6      | Found Wetu's Assorted Antiques.
  5338 | D:6      | Reached skill level 1 in Fighting
  5540 | D:7      | Reached skill level 1 in Armour
  5624 | D:7      | Noticed Prince Ribbit
  5644 | D:7      | Killed Prince Ribbit
  5675 | D:7      | Reached * piety under Vehumet
  5675 | D:7      | Offered knowledge of Foxfire by Vehumet.
  5943 | D:7      | Reached XP level 9. HP: 62/62 MP: 14/19
  6160 | D:7      | Noticed Duvessa
  6160 | D:7      | Noticed Dowan
  6171 | D:7      | Killed Duvessa
  6173 | D:7      | Killed Dowan
  6266 | D:8      | Reached skill level 9 in Conjurations
  6611 | D:8      | Found a sand-covered staircase.
  6620 | Ossuary  | Entered an ossuary
  6836 | Ossuary  | Offered knowledge of Shock by Vehumet.
  6838 | Ossuary  | Reached ** piety under Vehumet
  8164 | D:9      | Paralysed by a hornet for 3 turns
  8523 | D:9      | Reached XP level 10. HP: 72/73 MP: 14/20
  8598 | D:9      | Offered knowledge of Scorch by Vehumet.
  8602 | D:9      | Reached skill level 5 in Dodging
  8606 | D:9      | Reached skill level 5 in Fighting
  9028 | D:10     | Entered Level 10 of the Dungeon
  9447 | D:10     | Noticed a two-headed ogre
  9455 | D:10     | Killed a two-headed ogre
  9455 | D:10     | Reached *** piety under Vehumet
  9456 | D:10     | Reached skill level 10 in Conjurations
  9621 | D:10     | Reached skill level 5 in Armour
  9902 | D:11     | Found a sacrificial altar of Ru.
 10119 | D:12     | Noticed Fannar
 10203 | D:12     | Noticed a cyclops
 10220 | D:12     | Killed a cyclops
 10323 | D:12     | Noticed a manticore
 10343 | D:12     | Offered knowledge of Volatile Blastmotes by Vehumet.
 10385 | D:12     | Killed a manticore
 10466 | D:12     | Noticed a gargoyle
 10478 | D:12     | Noticed Snorg
 10479 | D:12     | Noticed Frances
 10496 | D:12     | Killed a gargoyle
 10546 | D:12     | HP: 2/77 [Snorg (9)]
 10546 | D:12     | Slain by Snorg

Illustrated notes

Levels and vault maps discovered:
D:1:      lemuel_arrival_tunnels, layout_loops_ring, feat_on_display
D:2:      layout_rooms, ebering_ecumenical_altar_ruins, minmay_liquid_box,
          uniq_terence, uniq_robin
D:3:      layout_loops_corners, lemuel_tele_altar, uniq_grinder
D:4:      layout_gridville, minmay_temple_entry_mist, nicolae_elemental_shop,
          uniq_ijyb
D:5:      layout_gridville, nicolae_uskayaw_dance_hall,
          nicolae_tso_carved_into_rock, ebering_ghost_disaster_area
D:6:      layout_loops_ring, nicolae_overflow_hidden_temple, serial_shops,
          shop_statue, nicolae_houndstooth_variations, uniq_jeremiah,
          uniq_eustachio
D:7:      layout_cave_pools, lemuel_coloured_pillars_altar, uniq_prince_ribbit1,
          uniq_duvessa
D:8:      layout_gridville, lightli_ossuary_entry_decrepit_ruins
D:9:      layout_roguey
D:10:     layout_roguey, chequers_serial_rivers_small_3,
          hangedman_decor_opposing
D:11:     layout_stronghold, grunt_lair_entry_orc_guard_hut, david_orc_4,
          nicolae_ru_awakened_eye, uniq_erica
D:12:     layout_long_grid, kennysheep_generic_room_14, uniq_snorg,
          uniq_frances, uniq_fannar
Temple:   bh_familiar_temple

Skill      XL: |  1  2  3  4  5  6  7  8  9 10 |
---------------+-------------------------------+-----
Spellcasting   | 3 4 5 6 7 |  7.0
Conjurations   | 5 6 7 8 9 10 | 10.7
Dodging        | 3 4 6 |  6.4
Fighting       | 2 4 6 |  6.6
Armour         | 2 4 6 |  6.0
Stealth        | |  1.7

Action                     |  1- 3 |  4- 6 |  7- 9 | 10-12 || total
---------------------------+-------+-------+-------+-------++-------
  Melee: Unarmed           |     2 |       |       |       ||     2
         Punch             |     1 |       |     1 |       ||     2
         Dagger            |     5 |    16 |    56 |    15 ||    92
   Cast: Magic Dart        |    71 |   114 |   299 |    38 ||   522
         Searing Ray       |       |     4 |    40 |    32 ||    76
  Evoke: Wand              |       |       |       |     2 ||     2
    Use: Scroll            |       |       |    14 |     1 ||    15
   Stab: Paralysed         |       |     2 |    15 |     8 ||    25
 Armour: Robe              |     7 |    14 |    19 |    55 ||    95
         Leather armour    |       |       |   108 |    18 ||   126
  Dodge: Dodged            |    12 |    10 |    81 |    45 ||   148

Table legend: (Time is in decaauts)
 A = Elapsed time spent in this place.
 B = Non-inter-level travel time spent in this place.
 C = Inter-level travel time spent in this place.
 D = Time resting spent in this place.
 E = Time spent auto-exploring this place.
 F = Levels seen in this place.
 G = Mean time per level.
                   A        B        C        D        E       F      G
               +--------+--------+--------+--------+--------+-----+--------+
         Total |  10555 |  10080 |    475 |    253 |   8249 |  14 |  753.9 |
       Dungeon |  10151 |   9725 |    426 |    253 |   8038 |  12 |  845.9 |
        Temple |     51 |      2 |     49 |      0 |      0 |   1 |   51.0 |
       Ossuary |    351 |    351 |      0 |      0 |    211 |   1 |  351.0 |
               +--------+--------+--------+--------+--------+-----+--------+

Top non-repeatable levels by time:
     D:9: 1213 daAuts
     D:8: 1212 daAuts
     D:6: 1202 daAuts
     D:3: 964 daAuts
     D:1: 945 daAuts
    D:10: 834 daAuts
     D:4: 826 daAuts
     D:2: 784 daAuts
     D:5: 751 daAuts
     D:7: 729 daAuts
    D:12: 447 daAuts
 Ossuary: 351 daAuts
    D:11: 238 daAuts
  Temple: 51 daAuts
